 Dungeon Crawl Stone Soup version 0.30.1-3-gfc49f6343a (webtiles) character file.

Game seed: 14952911739905061592

2125 LynnLen the Sneak (level 9, -1/41 HPs)
             Began as a Spriggan Enchanter on July 29, 2023.
             Was a Follower of Dithmenos.
             Killed from afar by a steam dragon (11 damage)
             ... with a ball of steam
             ... on level 8 of the Dungeon.
             The game lasted 00:28:29 (6440 turns).

LynnLen the Sneak (Spriggan Enchanter)              Turns: 6440, Time: 00:28:31

Health: -1/41      AC:  4    Str:  4    XL:     9   Next: 8%
Magic:  13/18      EV: 27    Int: 20    God:    Dithmenos [*.....]
Gold:   462        SH:  0    Dex: 13    Spells: 11/19 levels left

rFire   . . .        a - +3 dagger
rCold   + + .        (no shield)
rNeg    + + +        v - +1 robe {Will+}
rPois   .            (helmet restricted)
rElec   .            h - +0 cloak
rCorr   .            (gloves unavailable)
SInv    +            (boots unavailable)
Will    ++...        (no amulet)
Stlth   ++++         e - ring "Julogu" {rC++ rN+++ EV+5 Dex-3}
HPRegen 0.26/turn    s - +5 ring of evasion
MPRegen 0.16/turn

%: no passive effects
@: wreathed by umbra, very quick
A: very small, no large weapons, unfitting armour, see invisible, speed 3
a: Renounce Religion


You were on level 8 of the Dungeon.
You worshipped Dithmenos.
Dithmenos was aware of your devotion.
You visited 1 branch of the dungeon, and saw 8 of its levels.

You collected 462 gold pieces.

Inventory:

Hand Weapons
 a - a +3 dagger (weapon)
 i - the +6 hammer of the Eel {protect, rC+ Will+}
   (You found it on level 3 of the Dungeon)

   rC:        It protects you from cold.
   Will:      It increases your willpower.
Armour
 b - a +1 robe
 h - a +0 cloak (worn)
 v - a +1 robe of willpower (worn)
Jewellery
 e - the ring "Julogu" (left hand) {rC++ rN+++ EV+5 Dex-3}
   (You acquired it on level 3 of the Dungeon)

   [ring of evasion]

   EV:        It affects your evasion (+5).
   Dex:       It affects your dexterity (-3).
   rC:        It greatly protects you from cold.
   rN:        It renders you almost immune to negative energy.
 p - a ring of ice
 s - a +5 ring of evasion (right hand)
Wands
 f - a wand of flame (27)
 u - a wand of quicksilver (8)
Scrolls
 g - 2 scrolls of blinking
 j - 2 scrolls of magic mapping
 l - 2 scrolls of fog
 q - a scroll of enchant armour
 r - a scroll of amnesia {unknown}
 t - 2 scrolls of teleportation
Potions
 c - 2 potions of invisibility
 d - 5 potions of heal wounds
 k - a potion of lignification
 m - a potion of attraction
 n - a potion of curing
 o - a potion of haste {unknown}


   Skills:
 + Level 1.3 Fighting
 * Level 5.2 Short Blades
 * Level 3.1 Maces & Flails
 + Level 3.6 Dodging
 + Level 7.9 Stealth
 + Level 5.8 Spellcasting
 - Level 7.4 Hexes
 - Level 4.0 Ice Magic


You had 11 spell levels left.
You knew the following spells:

 Your Spells              Type           Power      Damage    Failure   Level
a - Ensorcelled Hibernat  Hex/Ice        56%        N/A       1%          2
b - Confusing Touch       Hex            35%        N/A       1%          3
c - Tukima's Dance        Hex            35%        N/A       1%          3

Your spell library contained the following spells:

 Spells                   Type           Power      Damage    Failure   Level
 Dazzling Flash           Conj/Hex       40%        N/A       7%          3
 Cigotuvi's Dreadful Rot  Necr/Pois/Air  10%        N/A       16%         2
 Poisonous Vapours        Pois/Air       10%        N/A       16%         2
 Ignite Poison            Fire/Tmut/Pois 5%         N/A       32%         3
 Mephitic Cloud           Conj/Pois/Air  5%         N/A       32%         3
 Freezing Cloud           Conj/Ice/Air   5%         6-21      86%         5
 Malign Gateway           Summ/Tloc      2%         N/A       100%        7
 Summon Horrible Things   Summ           2%         N/A       100%        8


Dungeon Overview and Level Annotations

Branches:
Dungeon (8/15)             Temple (0/1) D:6
   Lair: D:8-11

Altars:
Ashenzari
Dithmenos
Elyvilon
Fedhas
Kikubaaqudgha
Nemelex Xobeh
Okawaru
Ru
Trog
Wu Jian
Yredelemnul
Zin

Shops:
D:6 [


Innate Abilities, Weirdness & Mutations

You are very small and have problems with some larger weapons.
You are too small for most types of armour.
You have supernaturally acute eyesight. (SInv)
You cover ground extremely quickly. (Speed+++)


Message History

You hit the wight.
You destroy the wight!
Dithmenos accepts your kill.
You see here a +1 robe of willpower.
Your +4 halberd of freezing falls from the air.
You see here a +1 robe of willpower.
v - a +1 robe of willpower You start removing your armour.
You continue taking off your +1 robe. x4
You finish taking off your +1 robe.
You start putting on your armour.
You continue putting on your +1 robe of willpower. x5
You finish putting on your +1 robe of willpower.
You feel strong-willed.
Okay, then.
You start putting on your armour.
You continue putting on your +0 cloak. x4
You finish putting on your +0 cloak.
You see here a +3 great sword.
You catch the helpless steam dragon completely off-guard!
You impale the steam dragon!!
The steam dragon is almost dead.
The steam dragon completely misses you. The steam dragon closely misses you.
You hit the steam dragon but do no damage.
The steam dragon is almost dead.
The steam dragon misses you. The steam dragon closely misses you.
You hit the steam dragon.
The steam dragon is almost dead.
The steam dragon breathes steam at you. The ball of steam hits you!!
Ouch! That really hurt!
You closely miss the steam dragon.
The steam dragon is almost dead.
You are engulfed in a cloud of scalding steam.
The steam dragon completely misses you. The steam dragon misses you.
You hit the steam dragon but do no damage.
The steam dragon is almost dead.
You are engulfed in a cloud of scalding steam.
* * * LOW HITPOINT WARNING * * *
The steam dragon breathes steam at you. The ball of steam hits you!
You die...

#.......#........
#..§§...#........
#..§.?..+.......
##§§..§..#>.....
#.§.§.§§.#....#
#..§.....#....####
#......§.#........
#......D.'........
#.....§@.#).......
#........#........
#........#......##
#........#......#
#........########
#........#
#........#
#........#
#........#


You could see a steam dragon (catching breath).

Vanquished Creatures
  Menkaure (D:5)
  Duvessa (D:7)
  2 water moccasins
  An ice beast (D:6)
  A sky beast (D:7)
  A black bear (D:6)
  An ogre (D:4)
  A centaur (D:7)
  A phantom (D:5)
  A kobold brigand (D:7)
  4 bullfrogs
  2 scorpions (D:5)
  4 wights
  Dowan (D:7)
  2 howler monkeys (D:7)
  2 hounds (D:5)
  Crazy Yiuf (D:3)
  A jelly (D:4)
  An iguana (D:6)
  8 adders
  2 shadow imps (D:6)
  2 white imps (D:5)
  An ufetubus (D:6)
  2 worms (D:3)
  6 dart slugs
  4 orcs
  5 endoplasms
  3 giant cockroaches
  5 goblins
  8 hobgoblins
  14 kobolds
  5 quokkas
  7 ball pythons
  6 bats
  3 frilled lizards
  3 rats
113 creatures vanquished.

Vanquished Creatures (collateral kills)
  A wight (D:7)
1 creature vanquished.

Vanquished Creatures (others)
  2 dancing weapons
2 creatures vanquished.

Grand Total: 116 creatures vanquished

Notes
Turn   | Place    | Note
-------+----------+-------------------------------------------
     0 | D:1      | LynnLen the Spriggan Enchanter began the quest for the Orb.
     0 | D:1      | Reached XP level 1. HP: 9/9 MP: 5/5
   162 | D:1      | Reached XP level 2. HP: 9/13 MP: 6/6
   165 | D:1      | Learned a level 2 spell: Ensorcelled Hibernation
   775 | D:1      | Reached XP level 3. HP: 15/16 MP: 8/8
   779 | D:1      | Learned a level 3 spell: Confusing Touch
   783 | D:1      | Learned a level 3 spell: Tukima's Dance
   986 | D:2      | Reached skill level 5 in Stealth
  1397 | D:2      | Reached XP level 4. HP: 21/21 MP: 4/9
  1486 | D:2      | Reached skill level 1 in Ice Magic
  1799 | D:3      | Identified a scroll of acquirement
  1799 | D:3      | Acquired the ring "Julogu" {rC++ rN+++ EV+5 Dex-3}
  1930 | D:3      | Found a runed translucent door.
  1931 | D:3      | Noticed Crazy Yiuf
  1964 | D:3      | Killed Crazy Yiuf
  1972 | D:3      | Identified the +6 hammer of the Eel {protect, rC+ Will+}
  2064 | D:3      | Found a sparkling altar of Nemelex Xobeh.
  2149 | D:3      | Found a faded altar of an unknown god.
  2197 | D:3      | Found an ornate altar of the Wu Jian Council.
  2385 | D:3      | Found an ancient bone altar of Kikubaaqudgha.
  2468 | D:3      | Found an iron altar of Okawaru.
  2729 | D:4      | Reached XP level 5. HP: 21/24 MP: 11/11
  2773 | D:4      | Reached skill level 5 in Hexes
  2826 | D:4      | You fall into a shaft and drop 1 floor!
  2826 | D:5      | Entered Level 5 of the Dungeon
  2908 | D:4      | Noticed an ogre
  2934 | D:4      | Killed an ogre
  2991 | D:4      | Found a blossoming altar of Fedhas.
  3221 | D:5      | Noticed Menkaure
  3233 | D:5      | Killed Menkaure
  3234 | D:5      | Reached skill level 1 in Maces & Flails
  3234 | D:5      | Reached XP level 6. HP: 23/28 MP: 11/13
  3422 | D:5      | Reached XP level 7. HP: 32/32 MP: 14/14
  3709 | D:5      | Found a shadowy altar of Dithmenos.
  3724 | D:5      | Became a worshipper of Dithmenos the Shadowed
  4102 | D:6      | Found a staircase to the Ecumenical Temple.
  4210 | D:6      | Reached XP level 8. HP: 30/36 MP: 16/16
  4515 | D:6      | Found a sacrificial altar of Ru.
  4654 | D:6      | Found Liogapruo's Antique Armour Shoppe.
  4683 | D:6      | Found a white marble altar of Elyvilon.
  4970 | D:6      | Found a glowing silver altar of Zin.
  5035 | D:7      | Found a bloodstained altar of Trog.
  5116 | D:7      | Reached skill level 5 in Spellcasting
  5251 | D:7      | Noticed Duvessa
  5278 | D:7      | Found a basalt altar of Yredelemnul.
  5347 | D:7      | Noticed Dowan
  5368 | D:7      | Killed Duvessa
  5380 | D:7      | Killed Dowan
  5577 | D:7      | Found a broken altar of Ashenzari.
  5719 | D:7      | Reached skill level 1 in Fighting
  5908 | D:7      | Reached * piety under Dithmenos
  6261 | D:7      | Reached skill level 5 in Short Blades
  6261 | D:7      | Reached XP level 9. HP: 36/41 MP: 10/18
  6440 | D:8      | Killed from afar by a steam dragon

Illustrated notes

Levels and vault maps discovered:
D:1:      dpeg_arrival_houses_and_road, layout_rooms, minmay_pentomino_z2
D:2:      layout_loops_ring, grunt_ministairs_1, minmay_between
D:3:      layout_basic, marbit_many_paths, nicolae_overflow_hidden_temple,
          mainiacjoe_overflow_paths, amcnicky_altar_gilded,
          shapermc_ecumenical_altar_gd, uniq_crazy_yiuf_cottage
D:4:      layout_rooms, fedhas_ov_isle_minmay
D:5:      layout_cave_pools, grunt_dithmenos_shadows, uniq_menkaure
D:6:      layout_layer_cave, mainiacjoe_overflow_alcove_1, elyvilon_altar_4,
          general_overflow_altar, temple_pool_b, serial_shops,
          nicolae_shop_overgrown_old_shop
D:7:      layout_loops_ring, mainiacjoe_overflow_24_doors,
          mainiacjoe_overflow_six_doors_small, ashenzari_conservatory_becter,
          uniq_duvessa
D:8:      layout_gridville, mainiacjoe_overflow_alcove_2, minitemple,
          grunt_temple_overflow_lords_of_destruction, uniq_pikel

Skill      XL: |  1  2  3  4  5  6  7  8 |
---------------+-------------------------+-----
Hexes          | 4 5 6 7 |  7.4
Spellcasting   | 3 4 5 |  5.8
Stealth        | 5 6 7 |  7.9
Short Blades   | 2 3 5 |  5.2
Ice Magic      | 1 2 3 4 |  4.0
Maces & Flails | 1 3 |  3.1
Dodging        | 3 |  3.6
Fighting       | 1 |  1.3

Action                     |  1- 3 |  4- 6 |  7- 9 || total
---------------------------+-------+-------+-------++-------
  Melee: Dagger            |   133 |    15 |    92 ||   240
         Punch             |     2 |       |     4 ||     6
         Mace              |       |    71 |   144 ||   215
   Cast: Ensorcelled Hiber |     9 |    17 |    13 ||    39
         Tukima's Dance    |       |     1 |     8 ||     9
         Confusing Touch   |       |       |    10 ||    10
  Evoke: Wand              |       |     5 |       ||     5
    Use: Scroll            |     5 |    10 |     2 ||    17
         Potion            |       |       |     1 ||     1
   Stab: Sleeping          |    17 |    14 |    16 ||    47
         Confused          |       |       |     6 ||     6
         Invisible         |       |       |     1 ||     1
         Distracted        |       |       |     1 ||     1
 Armour: Robe              |     7 |    13 |    34 ||    54
  Dodge: Dodged            |    79 |   104 |   247 ||   430
